 Dungeon Crawl Stone Soup version 0.27-a0-1612-gde56a17b89 (webtiles) character file.

Game seed: 2663716898986998831

96 night the Ruffian (level 4, -2/35 HPs)
             Began as a Draconian Transmuter on July 21, 2021.
             Slain by a goblin (5 damage)
             ... led by Robin
             ... on level 3 of the Dungeon.
             The game lasted 00:05:08 (3179 turns).

night the Ruffian (Draconian Transmuter)            Turns: 3179, Time: 00:05:08

Health: -2/35      AC:  5    Str: 14    XL:     4   Next: 41%
Magic:  7/7        EV: 11    Int: 13    God:
Gold:   61         SH:  3    Dex: 11    Spells: 6/7 levels left

rFire    . . .     SeeInvis .     - Unarmed
rCold    . . .     Faith    .   c - +0 buckler
rNeg     . . .     Spirit   .   (armour unavailable)
rPois    .         Reflect  .   (helmet restricted)
rElec    .         Harm     .   (no cloak)
rCorr    .         Rampage  .   (no gloves)
Will     .....                  (no boots)
Stlth    +.........             (no amulet)
HPRegen  0.11/turn              (no ring)
MPRegen  0.10/turn              (no ring)

@: lethally poisoned (-2 -> -6)
A: AC +5, unfitting armour, cold-blooded
a: no special abilities


You were on level 3 of the Dungeon.
You visited 1 branch of the dungeon, and saw 3 of its levels.

You collected 61 gold pieces.

Inventory:

Hand Weapons
 e - a +0 hunting sling
Missiles
 a - 143 stones
 d - 30 sling bullets
Armour
 c - a +0 buckler (worn)
Potions
 b - a potion of invisibility {unknown}


   Skills:
 - Level 1.1 Fighting
 - Level 1.7 Dodging
 + Level 4.1 Unarmed Combat
 - Level 2.4 Spellcasting
 + Level 3.4 Transmutations


You had 6 spell levels left.
You knew the following spells:

 Your Spells              Type           Power      Damage    Failure   Level
a - Beastly Appendage     Tmut           20%        N/A       10%         1

Your spell library contained the following spells:

 Spells                   Type           Power      Damage    Failure   Level
 Wereblood                Tmut           10%        N/A       16%         2
 Spider Form              Tmut/Pois      3%         N/A       52%         3
 Ice Form                 Ice/Tmut       6%         N/A       90%         4


Dungeon Overview and Level Annotations

Branches:
Dungeon (3/15)

Altars:


Innate Abilities, Weirdness & Mutations

Your plain brown scales are hard. (AC +5)
You cannot fit into any form of body armour.
You are cold-blooded and may be slowed by cold attacks.


Message History

Robin throws the goblin at you!
You closely miss the goblin.
The goblin is severely wounded.
The goblin completely misses you.
Robin roars a battlecry!
The goblin goes into a battle-frenzy!
You hit the goblin.
You kill the goblin!
Robin barely misses you.
You hit Robin. You claw Robin. You headbutt Robin!
Robin is severely wounded.
Robin closely misses you.
You hit Robin but do no damage. Your kick misses Robin.
You headbutt Robin, but do no damage.
Robin is heavily wounded.
Robin throws the goblin at you! You block the goblin's attack.
You hit Robin. You claw Robin. You headbutt Robin, but do no damage.
Your tail-slap misses Robin.
Robin is severely wounded.
Robin misses you. The goblin completely misses you.
You hit Robin but do no damage. You claw Robin, but do no damage.
You headbutt Robin, but do no damage.
Robin is severely wounded.
Robin hits you but does no damage. You block the goblin's attack.
You hit Robin.
You kill Robin!
The goblin closely misses you.
You hit the hobgoblin. You claw the hobgoblin.
You kill the hobgoblin!
Your horns disappear.
Your talons disappear.
The goblin hits you with a +2 dagger of venom!
* * * LOW HITPOINT WARNING * * *
You barely miss the goblin.
Your tail-slap misses the goblin.
The goblin hits you but does no damage.
You are lethally poisoned!
You miss the goblin.
Your tail-slap misses the goblin.
* * * LOW HITPOINT WARNING * * *
You feel sick.
The goblin hits you with a +2 dagger of venom.
You die...

#################
##≈≈..#...#......#
#≈≈≈)))..)'......#
##≈≈≈g@#.).#......#
#≈≈#########..##g'#
##≈≈#.......†..#
..#
#...'..........#
.g#
#...'.....)....#
g.#
#..))..........#
.g#
#.≈≈#..........#
.g#
#.≈≈#########..#
..# #†#≈≈≈..# #..#


You could see a goblin (strong).

Vanquished Creatures
  Robin (D:3)
  An adder (D:3)
  3 dart slugs
  An orc (D:3)
  An endoplasm (D:1)
  5 giant cockroaches (D:1)
  19 goblins
  5 hobgoblins
  9 jackals
  A quokka (D:3)
  2 ball pythons
  3 bats
  2 frilled lizards (D:2)
  2 kobolds
  6 rats
61 creatures vanquished.

Notes
Turn   | Place    | Note
-------+----------+-------------------------------------------
     0 | D:1      | night the Draconian Transmuter began the quest for the Orb.
     0 | D:1      | Reached XP level 1. HP: 16/16 MP: 3/3
   249 | D:1      | Reached XP level 2. HP: 20/23 MP: 3/5
   620 | D:1      | Found a faded altar of an unknown god.
  1379 | D:1      | Reached XP level 3. HP: 22/28 MP: 4/6
  2852 | D:3      | Reached XP level 4. HP: 14/35 MP: 5/7
  3134 | D:3      | Noticed Robin
  3169 | D:3      | Reached skill level 4 in Unarmed Combat
  3176 | D:3      | Killed Robin
  3177 | D:3      | HP: 4/35 [goblin[Robin] (8)]
  3179 | D:3      | Slain by a goblin

Illustrated notes

Levels and vault maps discovered:
D:1:      dpeg_arrival_prison, layout_basic,
          shapermc_ecumenical_altar_notcrosses, st_stairs_8
D:2:      layout_basic
D:3:      kennysheep_goblin_castle, layout_rooms, mainiacjoe_overflow_alcove_2,
          gammafunk_ghost_abyssal_escape

Skill      XL: |  1  2  3  4 |
---------------+-------------+-----
Transmutations | 3 |  3.4
Unarmed Combat | 4 |  4.1
Fighting       | |  1.1
Dodging        | |  1.7
Spellcasting   | |  2.4

Action                   |  1- 3 |  4- 6 || total
-------------------------+-------+-------++-------
Melee: Unarmed           |   157 |    36 ||   193
       Kick              |    17 |    13 ||    30
       Headbutt          |    11 |     9 ||    20
       Tailslap          |     6 |     3 ||     9
       Punch             |     1 |       ||     1
 Cast: Beastly Appendage |    33 |     5 ||    38
  Use: Scroll            |     2 |       ||     2
Armor: Skin              |    56 |    17 ||    73
Dodge: Dodged            |   125 |    23 ||   148
Block: Buckler           |     9 |     7 ||    16

Table legend: (Time is in decaauts)
 A = Elapsed time spent in this place.
 B = Non-inter-level travel time spent in this place.
 C = Inter-level travel time spent in this place.
 D = Time resting spent in this place.
 E = Time spent auto-exploring this place.
 F = Levels seen in this place.
 G = Mean time per level.
                   A        B        C        D        E       F      G
               +--------+--------+--------+--------+--------+-----+--------+
         Total |   3171 |   3095 |     76 |    267 |   2379 |   3 | 1057.0 |
       Dungeon |   3171 |   3095 |     76 |    267 |   2379 |   3 | 1057.0 |
               +--------+--------+--------+--------+--------+-----+--------+

Top non-repeatable levels by time:
     D:1: 1495 daAuts
     D:2: 1077 daAuts
     D:3: 598 daAuts
